AoeStats
← CesareBorgia

Arabia

507986174Analyzed
1v1 RM · 11d ago on Sep 20, 2026· 58m 37s· 2 players
Game mode
Random Map
Map size
Tiny (2 player)
Population
200
Speed
Normal
Resources
Standard
Victory
Conquest
Starting age
Dark Age
Ending age
Imperial Age
RankedLock teamsTeams togetherTeam positionsShared explorationLock speedFull tech treeHidden civsTurbo modeCheats
Victory
Defeat
🇨🇳 Slavs · China
719
+13
🇫🇷 Aztecs · France
652
-13
CesareBorgia
8:36 Loom
13:58 Feudal Age
17:13 Fletching
17:25 Padded Archer Armor
24:23 Castle Age
22:53 Padded Archer Armor
22:55 Scale Mail Armor
23:05 Arson
23:12 Double-Bit Axe
23:15 Horse Collar
25:22 Wheelbarrow
24:45 Crossbowman
27:14 Bodkin Arrow
27:33 Forging
27:30 Squires
30:32 Hand Cart
30:27 Eagle Warrior
32:40 Arson
33:17 Leather Archer Armor
33:17 Chain Mail Armor
35:58 Pikeman
37:53 Atlatl
39:02 Iron Casting
38:26 Arson
46:00 Imperial Age
46:14 Arbalester
49:43 Block Printing
50:38 Bow Saw
52:16 Conscription
53:28 Bracer
54:03 Elite Skirmisher
Zephyr.H
0:31 Loom
12:18 Feudal Age
21:51 Castle Age
23:19 Double-Bit Axe
23:07 Elite Skirmisher
24:51 Pikeman
29:08 Horse Collar
29:24 Stone Mining
29:29 Gold Mining
30:16 Fletching
39:11 Imperial Age
37:17 Bow Saw
37:12 Heavy Plow
39:57 Wheelbarrow
39:17 Town Watch
40:12 Scale Mail Armor
40:23 Forging
40:22 Scale Barding Armor
43:04 Conscription
42:47 Light Cavalry
46:25 Halberdier
50:25 Bloodlines
51:18 Heavy Scorpion
53:24 Chain Barding Armor
53:20 Chain Mail Armor
53:41 Iron Casting
54:31 Squires
Connection lost

Rejoining the realm…

Still unreachable

The connection could not be restored.

Session expired

The server has moved on; the page needs a fresh start.